 Dungeon Crawl Stone Soup version 0.31-a0-1549-g5ff9445e89 (webtiles) character file.

Game seed: 13478370666615802102

71 Curundu the Slasher (level 4, -2/40 HPs)
             Began as a Minotaur Berserker on Jan 2, 2024.
             Was a Believer of Trog.
             Slain by a gnoll
             ... wielding a +0 whip
              (8 damage)
             ... on level 3 of the Dungeon.
             The game lasted 00:05:20 (1796 turns).

Curundu the Slasher (Minotaur Berserker)            Turns: 1796, Time: 00:05:21

Health: -2/40      AC:  5    Str: 23    XL:     4   Next: 5%
Magic:  3/3        EV: 11    Int:  4    God:    Trog [**....]
Gold:   73         SH:  3    Dex: 10    Spells: 3/3 levels left

rFire   . . .        a - +0 falchion
rCold   . . .        f - +0 buckler
rNeg    . . .        e - +0 ring mail
rPois   .            (helmet restricted)
rElec   .            (no cloak)
rCorr   .            (no gloves)
SInv    .            (no boots)
Will    .....        (no amulet) Stlth
                     (no ring)
HPRegen 0.26/turn    (no ring)
MPRegen 0.08/turn

%: no passive effects
@: no status effects
A: horns 2, retaliatory headbutt
a: Renounce Religion, Berserk, Trog's Hand


You were on level 3 of the Dungeon.
You worshipped Trog.
Trog was pleased with you.
You visited 1 branch of the dungeon, and saw 3 of its levels.

You collected 73 gold pieces.

Inventory:

Hand Weapons
 a - a +0 falchion (weapon)
Missiles
 k - 2 poisoned darts
Armour
 e - a +0 ring mail (worn)
 f - a +0 buckler (worn)
Scrolls
 c - a scroll of blinking {unknown}
 g - a scroll of brand weapon {unknown}
 h - 3 scrolls of teleportation {unknown}
 i - a scroll of butterflies {unknown}
 j - a scroll of torment {unknown}
Potions
 b - a potion of attraction {unknown}
 d - a potion of magic {unknown}
 l - a potion of cancellation {unknown}
 m - a potion of haste {unknown}
 n - a potion of degeneration {unknown}


   Skills:
 + Level 4.2 Fighting
 + Level 4.6 Long Blades
 + Level 3.2 Armour
 + Level 2.4 Dodging
 + Level 0.1 Stealth
 + Level 1.0 Shields


You had 3 spell levels left.
You didn't know any spells.
Your spell library was empty.

Dungeon Overview and Level Annotations

Branches:
Dungeon (3/15)

Altars:
Wu Jian


Innate Abilities, Weirdness & Mutations

You have a pair of horns on your head.
You reflexively headbutt those who attack you in melee.


Message History

The gnoll is heavily wounded.
You block the gnoll's attack. The gnoll hits you with a +0 club!
You hit the gnoll.
The gnoll is almost dead.
The gnoll hits you with a +0 whip.
You barely miss the gnoll.
The gnoll is moderately wounded.
The gnoll hits you with a +0 club. The gnoll closely misses you.
You closely miss the gnoll. Your headbutt misses the gnoll.
The gnoll is moderately wounded.
The gnoll closely misses you. The gnoll hits you with a +0 club.
You hit the gnoll but do no damage. You headbutt the gnoll.
You kill the gnoll!
Trog accepts your kill. The gnoll hits you with a +0 whip.
You have reached level 4!
You feel agile.
You hit the gnoll but do no damage. You headbutt the gnoll.
The gnoll is severely wounded.
The gnoll barely misses you.
You hit the gnoll but do no damage.
The gnoll is severely wounded.
The gnoll barely misses you.
You closely miss the gnoll.
The gnoll is severely wounded.
The gnoll hits you with a +0 whip.
You hit the gnoll.
The gnoll is almost dead.
You barely miss the gnoll. The gnoll hits you with a +0 whip!
* * * LOW HITPOINT WARNING * * *
The gnoll hits you but does no damage.
You hit the gnoll.
The gnoll is lightly wounded.
The gnoll hits you with a +0 whip.
* * * LOW HITPOINT WARNING * * *
The gnoll barely misses you.
You hit the gnoll but do no damage.
The gnoll is lightly wounded.
The gnoll hits you but does no damage. The gnoll hits you with a +0 whip!
You die...

####.# ..##..
######.##.###
###...<#.##...#
#........##.#.######
#.#.................
#............###...
#..########.## #..
#@g.# #< #.g### #
#.## #. #. #. #. +.


You could see 2 gnolls.

Vanquished Creatures
  2 adders (D:2)
  A gnoll (D:3)
  A ribbon worm (D:2)
  A dart slug (D:1)
  2 ball pythons (D:1)
  5 endoplasms
  3 goblins
  6 hobgoblins
  5 kobolds
  A quokka (D:1)
  4 bats (D:2)
  3 frilled lizards
  4 rats
38 creatures vanquished.

Notes
Turn   | Place    | Note
-------+----------+-------------------------------------------
     0 | D:1      | Curundu the Minotaur Berserker began the quest for the Orb.
     0 | D:1      | Reached XP level 1. HP: 19/19 MP: 0/0
   225 | D:1      | Reached XP level 2. HP: 24/27 MP: 1/1
   909 | D:2      | Reached XP level 3. HP: 33/33 MP: 2/2
   973 | D:2      | Reached ** piety under Trog
  1234 | D:2      | Reached skill level 1 in Shields
  1289 | D:2      | Found an ornate altar of the Wu Jian Council.
  1790 | D:3      | Reached XP level 4. HP: 17/40 MP: 3/3
  1796 | D:3      | Slain by a gnoll

Illustrated notes

Levels and vault maps discovered:
D:1:      dpeg_arrival_round_c, layout_loops_ring, minivault_26,
          chequers_serial_rivers_micro_b
D:2:      layout_basic, serial_forest, infiniplex_forest_straight_3,
          infiniplex_forest_clump_medium, infiniplex_forest_straight_1,
          infiniplex_forest_lined_2, infiniplex_forest_clump_curved,
          infiniplex_forest_straight_2, infiniplex_forest_corner_1,
          infiniplex_forest_end_3, basic_altar
D:3:      layout_basic, nicolae_overflow_two_pavilions,
          nemelex_dance_club_becter

Skill      XL: |  1  2  3 |
---------------+----------+-----
Long Blades    | 4 |  4.6
Fighting       | 4 |  4.2
Armour         | 3 |  3.2
Shields        | 1 |  1.0
Dodging        | |  2.4
Stealth        | |  0.1

Action                     |  1- 3 |  4- 6 || total
---------------------------+-------+-------++-------
  Melee: Falchion          |   106 |     7 ||   113
         Headbutt          |    15 |     1 ||    16
 Armour: Ring mail         |    59 |     6 ||    65
         Animal skin       |     1 |       ||     1
  Dodge: Dodged            |    69 |     3 ||    72
  Block: Buckler           |    15 |       ||    15

Table legend: (Time is in decaauts)
 A = Elapsed time spent in this place.
 B = Non-inter-level travel time spent in this place.
 C = Inter-level travel time spent in this place.
 D = Time resting spent in this place.
 E = Time spent auto-exploring this place.
 F = Levels seen in this place.
 G = Mean time per level.
                   A        B        C        D        E       F      G
               +--------+--------+--------+--------+--------+-----+--------+
         Total |   1808 |   1808 |      0 |      0 |   1415 |   3 |  602.7 |
       Dungeon |   1808 |   1808 |      0 |      0 |   1415 |   3 |  602.7 |
               +--------+--------+--------+--------+--------+-----+--------+

Top non-repeatable levels by time:
     D:2: 1016 daAuts
     D:1: 755 daAuts
     D:3: 37 daAuts
